Map: Ruins of Endion

Players

HuK

  • Race: Protoss Protoss
  • League: Master

RoO - Winner!

  • Race: Terran Terran
  • League: Grandmaster

VOD

Have the link to the VOD?

Description

Time

  • Played on: May 2, 2016, 7:58 p.m.
  • Length: 13:14
Show
View Real Time Build Order
Export as new Build Order

HuK Protoss 

Build Orders: 1 Gate Expand, Blink Stalkers 

Get SALT Encoding   

  12  0:01  Probe (Chrono Boost)  
  13  0:11  Probe (Chrono Boost)  
  14  0:17  Pylon  
  14  0:22  Probe (Chrono Boost)  
  15  0:35  Probe (Chrono Boost), Gateway  
  16  0:40  Assimilator  
  16  0:46  Probe (Chrono Boost)  
  17  0:56  Probe (Chrono Boost)  
  18  1:07  Probe (Chrono Boost)  
  19  1:17  Probe (Chrono Boost)  
  20  1:23  Cybernetics Core  
  20  1:28  Probe (Chrono Boost)  
  21  1:35  Nexus  
  21  1:40  Pylon  
  21  1:43  Probe (Chrono Boost)  
  22  1:48  Assimilator  
  22  1:53  Probe (Chrono Boost)  
  23  1:59  Stalker (Chrono Boost)  
  25  2:02  Warp Gate  
  25  2:05  Probe  
  26  2:17  Probe (Chrono Boost)  
  27  2:28  Twilight Council  
  27  2:29  Probe (Chrono Boost)  
  30  2:44  Mothership Core (Chrono Boost)  
  30  2:48  Probe (Chrono Boost)  
  32  2:58  Probe (Chrono Boost)  
  32  3:04  Probe (Chrono Boost)  
  33  3:08  Blink (Chrono Boost), Nexus  
  33  3:09  Probe (Chrono Boost)  
  34  3:15  Probe (Chrono Boost)  
  34  3:18  Probe (Chrono Boost)  
  36  3:26  Probe, Pylon  
  37  3:28  Probe  
  38  3:38  Probe  
  38  3:39  Gateway  
  39  3:46  Probe  
  40  3:50  Probe  
  41  3:56  Gateway x2  
  41  4:04  Stalker  
  43  4:12  Probe  
  44  4:18  Pylon  
  44  4:21  Robotics Facility  
  43  4:36  Probe x2  
  45  4:39  Probe  
  45  4:40  Stalker  
  45  4:41  Stalker  
  50  4:48  Probe  
  50  4:51  Probe  
  52  4:59  Probe (Chrono Boost)  
  52  5:00  Probe (Chrono Boost)  
  52  5:03  Probe (Chrono Boost), Assimilator  
  52  5:06  Observer (Chrono Boost), Assimilator  
  54  5:09  Assimilator  
  54  5:10  Assimilator  
  54  5:11  Pylon  
  54  5:12  Probe (Chrono Boost)  
  57  5:14  Probe (Chrono Boost)  
  57  5:15  Probe (Chrono Boost)  
  57  5:18  Pylon  
  57  5:21  Pylon  
  58  5:25  Probe (Chrono Boost), Observer  
  58  5:26  Probe (Chrono Boost)  
  59  5:36  Probe (Chrono Boost)  
  59  5:37  Probe (Chrono Boost)  
  59  5:38  Probe (Chrono Boost)  
  59  5:39  Stalker  
  59  5:40  Stalker x2  
  59  5:42  Sentry  
  70  5:44  Observer  
  70  5:46  Probe (Chrono Boost)  
  74  5:50  Probe x2 (Chrono Boost)  
  74  5:57  Probe (Chrono Boost)  
  74  6:00  Forge  
  74  6:02  Forge  
  74  6:03  Probe (Chrono Boost)  
  76  6:05  Sentry x2  
  76  6:07  Warp Prism  
  76  6:08  Probe (Chrono Boost)  
  81  6:13  Probe (Chrono Boost)  
  81  6:15  Probe  
  81  6:16  Resonating Glaives (Chrono Boost)  
  85  6:18  Probe  
  85  6:25  Probe  
  87  6:26  Probe  
  87  6:27  Protoss Ground Weapons Level 1 (Chrono Boost), Protoss Ground Armor Level 1 (Chrono Boost)  
  87  6:30  Probe  
  89  6:37  Probe x2  
  91  6:40  Gateway  
  91  6:43  Gateway  
  91  6:45  Gateway  
  91  6:46  Pylon  
  91  6:49  Adept x4  
  99  7:07  Gateway  
  99  7:08  Gateway  
  99  7:10  Stalker x3, Templar Archives  
  99  7:12  Stalker  
  109  7:27  Pylon  
  109  7:28  Photon Cannon  
  109  7:29  Photon Cannon  
  107  7:30  Observer  
  108  7:44  Pylon x2  
  108  7:46  Pylon x2  
  108  7:47  Adept x3, Pylon x2  
  108  7:49  Pylon  
  108  7:50  Adept  
  116  8:11  Protoss Ground Weapons Level 2, Protoss Ground Armor Level 2  
  112  8:14  Stalker x3  
  104  8:22  Adept x6  
  110  8:32  Warp Prism (Chrono Boost)  
  108  8:43  High Templar x8  
  108  8:44  Adept  
  108  8:47  Archon x3  
  108  8:48  Archon  
  126  8:54  Gateway  
  126  8:56  Gateway  
  126  8:59  Gateway  
  126  9:02  Nexus  
  126  9:05  Pylon  
  126  9:08  Pylon  
  126  9:11  Pylon  
  126  9:12  Sentry  
  126  9:14  Immortal (Chrono Boost)  
  132  9:31  Adept x8  
  138  9:32  Pylon  
  148  9:48  Adept  
  148  9:49  Immortal (Chrono Boost)  
  154  9:54  Stargate  
  154  9:55  Stargate  
  154  9:56  Adept x6  
  154  9:57  Adept x2  
  128  10:29  Adept x5  
  128  10:30  Adept x7  
  112  10:52  Adept x8  
  112  10:53  Adept x4  
  120  11:14  Stalker x7  
  120  11:15  Stalker  
  112  11:26  Pylon  
  112  11:30  Pylon  
  82  11:42  Adept x8  
  82  11:43  Adept  
  98  12:04  Nexus  
  95  12:15  Fleet Beacon  
  95  12:17  High Templar x3  
  95  12:18  High Templar x2  
  95  12:22  Archon x2  
  105  12:23  High Templar  
  105  12:26  Pylon  
  105  12:27  Archon  
  107  12:50  Adept x8  
  107  12:51  Adept  
  124  12:58  Stalker x2  
  128  13:10  Adept x4  
Show
View Real Time Build Order
Export as new Build Order

RoO Terran - Winner!

Build Orders: 1/1/1, MMM Bio 

Get SALT Encoding   

  12  0:00  SCV  
  13  0:12  SCV  
  14  0:18  Supply Depot  
  14  0:24  SCV  
  15  0:40  SCV  
  15  0:41  Refinery  
  16  0:46  Barracks  
  16  0:52  SCV  
  17  1:04  SCV, Supply Depot  
  18  1:16  SCV  
  19  1:28  SCV  
  20  1:35  Marine  
  21  1:42  Factory, Orbital Command  
  21  1:53  Marine  
  22  2:10  SCV  
  22  2:11  Marine  
  24  2:18  Supply Depot  
  24  2:22  SCV  
  25  2:27  Starport  
  25  2:28  Marine  
  26  2:30  Widow Mine  
  26  2:34  SCV  
  29  2:42  Command Center  
  29  2:46  SCV  
  30  2:58  SCV  
  30  3:02  Marine  
  30  3:10  Medivac  
  30  3:12  SCV  
  32  3:15  Refinery  
  32  3:16  Widow Mine  
  32  3:17  Supply Depot  
  34  3:20  Marine  
  34  3:24  SCV  
  36  3:36  SCV  
  36  3:38  Marine  
  38  3:48  SCV  
  39  3:54  Factory Tech Lab  
  39  3:55  Orbital Command  
  39  3:56  Barracks  
  39  3:58  Barracks Reactor  
  39  4:00  SCV  
  40  4:12  SCV  
  40  4:13  Cyclone  
  44  4:17  Orbital Command  
  44  4:24  SCV  
  44  4:30  Command Center  
  45  4:36  SCV  
  44  4:39  Marine x2  
  46  4:47  Barracks  
  46  4:49  SCV x2  
  48  4:55  Marine  
  48  4:57  Marine x2, Factory Tech Lab  
  48  4:58  Stimpack  
  51  5:01  SCV x2  
  53  5:12  Engineering Bay  
  53  5:13  SCV x2, Marine  
  56  5:19  Marine  
  56  5:20  Marine  
  58  5:25  SCV x2  
  60  5:31  Marine, Factory Tech Lab  
  61  5:37  SCV  
  61  5:38  Marine  
  61  5:39  SCV  
  61  5:40  Terran Infantry Weapons Level 1  
  61  5:42  Supply Depot  
  62  5:43  Orbital Command  
  62  5:44  Combat Shields, Marine  
  62  5:45  Barracks x2  
  63  5:50  Missile Turret  
  63  5:52  SCV  
  63  5:53  Marine  
  65  5:58  Marine x2  
  65  6:04  Siege Tank  
  70  6:05  Starport Reactor  
  70  6:07  SCV  
  70  6:10  Refinery x2  
  71  6:15  Marine  
  71  6:16  Marauder, Marine  
  75  6:19  SCV  
  75  6:20  SCV  
  77  6:27  Marauder  
  77  6:32  SCV  
  80  6:33  Marine  
  80  6:35  Barracks Reactor  
  80  6:36  Barracks Tech Lab  
  80  6:38  SCV, Supply Depot, Marine  
  80  6:39  Supply Depot, Marauder, Orbital Command  
  85  6:59  SCV, Marine x4, Medivac  
  85  7:01  Medivac, Siege Tank  
  97  7:02  Supply Depot x2, Marine  
  97  7:05  SCV x2  
  97  7:07  Armory  
  100  7:09  Engineering Bay  
  100  7:11  SCV  
  100  7:12  Concussive Shells  
  101  7:21  Supply Depot  
  101  7:23  SCV x2, Marine x5  
  101  7:26  SCV, Supply Depot, Marine  
  111  7:32  Barracks  
  111  7:33  Barracks  
  111  7:35  SCV x2  
  111  7:36  Medivac  
  115  7:37  Medivac  
  115  7:41  Marine  
  115  7:42  Marine x2  
  115  7:43  Siege Tank  
  122  7:47  SCV  
  122  7:48  SCV  
  124  7:53  SCV  
  124  7:55  Refinery  
  124  7:56  Refinery  
  125  7:59  SCV, Supply Depot  
  114  8:13  Marine x4  
  115  8:21  Marine x3  
  110  8:27  Siege Tank  
  110  8:29  SCV x2, Barracks Tech Lab  
  110  8:30  Marine, Barracks Reactor  
  110  8:31  Marine x3  
  110  8:33  Terran Infantry Weapons Level 2  
  119  8:35  Terran Infantry Armor Level 1  
  119  8:38  Marine  
  119  8:39  Marine x2  
  119  8:40  SCV  
  123  8:42  Missile Turret  
  123  8:44  Liberator x2  
  123  8:47  Terran Vehicle Weapons Level 1  
  123  8:48  Marine x2  
  123  8:49  Marine x2  
  123  8:52  SCV x2, Supply Depot  
  131  8:56  Supply Depot  
  131  8:57  Marauder  
  131  8:59  Marine  
  131  9:00  Marine  
  141  9:07  Marine x2  
  141  9:11  Supply Depot  
  141  9:13  Supply Depot, Marine x2, Siege Tank  
  145  9:18  Marine  
  145  9:19  Marine x4  
  147  9:26  Liberator  
  147  9:27  Liberator  
  147  9:34  Marine x2  
  147  9:35  Marauder  
  147  9:36  Marine x2  
  147  9:37  Marauder, Marine x2  
  147  9:38  Marauder  
  159  9:43  Supply Depot x2  
  159  9:45  Bunker  
  165  9:47  Missile Turret  
  165  9:54  Marine x2  
  165  9:59  Marine x2  
  169  10:00  Marine x2  
  169  10:02  Marine x2  
  169  10:06  Siege Tank  
  176  10:09  Liberator x2  
  176  10:25  Marine x2  
  176  10:26  Marauder x2, Marine x4  
  176  10:27  Marine  
  153  10:38  Siege Tank  
  156  10:43  Marine x2  
  156  10:44  Marine x4  
  156  10:45  Marine  
  156  10:47  Marine x2  
  162  10:52  Liberator x2  
  159  11:01  Marine x4  
  159  11:02  Marine x3  
  166  11:05  Marine x2  
  166  11:10  Siege Tank  
  121  11:19  Marine x4  
  121  11:20  Marine x3  
  125  11:26  Marine x2  
  122  11:35  Liberator x2  
  122  11:37  Marine x5  
  122  11:38  Marine  
  119  11:44  Marine x3, Siege Tank  
  131  11:54  Marine  
  131  11:57  Marine x3  
  131  11:59  Marine x2  
  137  12:03  Orbital Command  
  135  12:14  Marine  
  136  12:16  Marauder x2, Marine x3  
  136  12:17  Marine  
  136  12:18  Marine x2  
  136  12:19  Siege Tank  
  149  12:29  Missile Turret  
  149  12:32  Marine  
  149  12:33  Marine  
  149  12:34  Marine x2  
  149  12:35  Medivac x2  
  157  12:41  Marine  
  157  12:43  Marine x2  
  161  12:44  SCV x2  
  161  12:45  Starport  
  161  12:46  Refinery  
  161  12:48  Refinery, Marine x2  
Tags
 
Add a new tag
Caveats
  • Supply blocks, unpowered buildings, or Contaminate may cause inaccurate times.
  • Supply counts are checked every 10 seconds.